 Dungeon Crawl Stone Soup version 0.25.1-2-g60ff931df9 (webtiles) character file.

Game seed: 6984484626972028539

2187 Allula97 the Insei (level 9, -1/68 HPs)
             Began as a Demonspawn Transmuter on Nov 14, 2020.
             Killed from afar by Maggie (10 damage)
             ... with a bolt of fire
             ... on level 6 of the Dungeon on Nov 15, 2020.
             The game lasted 00:31:56 (7378 turns).

Allula97 the Insei (Demonspawn Transmuter)          Turns: 7378, Time: 00:31:56

Health: -1/68      AC: 12    Str: 17    XL:     9   Next: 11%
Magic:  0/15       EV: 15    Int: 14    God:
Gold:   260        SH:  0    Dex: 15    Spells: 12/16 levels left

rFire    + . .     SeeInvis .     - Unarmed
rCold    x . .     Gourm    .   (no shield)
rNeg     . . .     Faith    .   g - +0 fire dragon scales
rPois    +         Spirit   +   (helmet restricted)
rElec    .         Reflect  .   i - +0 cloak
rCorr    .         Harm     .   (no gloves)
MR       +....                  (boots currently unavailable)
Stlth    +.........             (no amulet)
HPRegen  0.21/turn              v - ring "Sewadu" {rF- MR+ EV+4 Str+4}
MPRegen  0.14/turn              o - ring of poison resistance

@: appendage, lightly drained
A: antennae 1, talons 3, icy blue scales 2, demonic guardian 1, magic shield
a: End Transformation


You were on level 6 of the Dungeon.
You were very hungry.
You had grown temporary talons.
You visited 2 branches of the dungeon, and saw 8 of its levels.

You collected 260 gold pieces.

Inventory:

Hand Weapons
 l - a +0 whip of pain
 m - a +4 flail of protection
Missiles
 a - 88 arrows
 j - 11 poisoned darts (quivered)
Armour
 b - a +0 robe
 g - +0 fire dragon scales (worn)
 i - a +0 cloak (worn)
Jewellery
 o - a ring of poison resistance (right hand)
 v - the ring "Sewadu" (left hand) {rF- MR+ EV+4 Str+4}
   (You found it on level 6 of the Dungeon)

   [ring of evasion]

   It affects your evasion (+4).
   It affects your strength (+4).
   It makes you vulnerable to fire.
   It affects your resistance to hostile enchantments.
Wands
 c - a wand of acid (7)
 u - a wand of iceblast (7)
Scrolls
 f - a scroll of teleportation
 h - 3 scrolls of fog
 k - 2 scrolls of remove curse
 n - 2 scrolls of identify
 p - a scroll of fear
 q - a scroll of enchant armour
 r - a scroll of blinking
 y - a scroll of magic mapping {unknown}
 z - a scroll of enchant weapon {unknown}
Potions
 e - a potion of stabbing
 s - 2 potions of lignification
 t - a potion of flight
Comestibles
 d - 8 rations


   Skills:
 * Level 5.4(4.8) Fighting
 * Level 0.6(0.1) Armour
 + Level 5.0(4.5) Dodging
 - Level 3.4(2.9) Stealth
 * Level 5.6(5.0) Unarmed Combat
 * Level 4.0(3.5) Spellcasting
 * Level 5.1(4.5) Transmutations


You had 12 spell levels left.
You knew the following spells:

 Your Spells              Type           Power        Failure   Level  Hunger
a - Beastly Appendage     Tmut           ###...       14%         1    #......
b - Spider Form           Tmut/Pois      #.........   75%         3    ###....

Your spell library contained the following spells:

 Spells                   Type           Power        Failure   Level  Hunger
 Sticks to Snakes         Tmut           ###.....     22%         2    ##.....
 Animate Skeleton         Necr           N/A          67%         1    #......
 Apportation              Tloc           #.....       67%         1    #......
 Corona                   Hex            #......      67%         1    #......
 Summon Small Mammal      Summ           #...         67%         1    #......
 Ice Form                 Ice/Tmut       #.......     98%         4    #####..
 Blade Hands              Tmut           ###.......   99%         5    ######.


Dungeon Overview and Level Annotations

Branches:
Dungeon (7/15)             Temple (1/1) D:5

Altars:
Cheibriados
Elyvilon
Fedhas
Gozag
Hepliaklqana
Makhleb
Nemelex Xobeh
Qazlal
Sif Muna
Trog
Uskayaw
Vehumet
Wu Jian
Yredelemnul
The Shining One

Annotations:
D:6 Maggie


Innate Abilities, Weirdness & Mutations

You have a pair of small antennae on your head.
You are mostly covered in icy blue scales. (AC +3)
A weak demonic guardian rushes to your aid.
When hurt, damage is shared between your health and your magic reserves.
You have claws for feet.


Message History

Your ufetubus hits Maggie but does no damage.
Your ufetubus completely misses Maggie.
The orc closely misses you.
Maggie hits you with a +1 long sword of flaming!
* * * LOW HITPOINT WARNING * * *
Maggie burns you.
* * * LOW HITPOINT WARNING * * *
Okay, then.
Okay, then.
Sorry, you're not good enough to have a special ability.
Casting: Beastly Appendage (safe; 14% risk of failure)
Confirm with . or Enter, or press ? or * to list all spells.
Your feet morph into talons.
You break out of your daze.
Your ufetubus disappears in a puff of smoke!
The orc misses you.
You hit Maggie but do no damage.
Maggie is almost dead.
Maggie casts a spell at you. The bolt of fire hits you! You resist.
You die...

#.##.. ..o. ###...... #.
....... ......... ##
#...... .......z.
#......##########...z.z.
#...................5.5)
.................#####
#...............####
###...............(..##
#.....@o.........#.....
#.....@..........#.....
#................#.....
#..............@.#.....
#................###'#.
#.......#####...# #.#.
######### #.## #... ####


You could see Maggie and an orc.

Vanquished Creatures
  Sigmund (D:4)
  Edmund (D:5)
  Duvessa (D:4)
  A sky beast (D:5)
  A phantom (D:6)
  A centaur (D:5)
  An ogre (D:4)
  A bullfrog (D:6)
  Dowan (D:4)
  A howler monkey (D:5)
  3 crimson imps
  A bullfrog zombie (D:4)
  A centaur zombie (D:5)
  2 orc priests
  A hound (D:4)
  Crazy Yiuf (D:3)
  Natasha (thrice) (D:3)
  Terence (D:3)
  2 orc wizards (D:4)
  4 worker ants
  A mummy (D:4)
  Robin (D:3)
  7 gnolls
  7 adders
  A shadow imp (D:5)
  2 oozes
  An adder zombie (D:6)
  An adder skeleton (D:4)
  2 worms
  3 dart slugs
  6 leopard geckos
  12 orcs
  9 bats
  3 giant cockroaches
  16 goblins
  7 hobgoblins
  8 jackals
  2 quokkas
  5 ball pythons
  4 frilled lizards
  A giant cockroach zombie (D:4)
  A goblin zombie (D:4)
  A jackal zombie (D:4)
  9 kobolds
  A leopard gecko skeleton (D:4)
  9 rats
149 creatures vanquished.

Vanquished Creatures (collateral kills)
  Pikel (D:4)
  Menkaure (D:6)
  A slave (D:4)
  A scorpion (D:5)
  A centaur zombie (D:4)
  A worker ant (D:5)
  An ooze (D:4)
  An adder skeleton (D:4)
  A worm (D:4)
  An orc (D:6)
  A quokka skeleton (D:5)
11 creatures vanquished.

Vanquished Creatures (others)
  A quokka (D:4)
  A kobold zombie (D:4)
  A bush (D:2)
3 creatures vanquished.

Grand Total: 163 creatures vanquished

Notes
Turn   | Place    | Note
-------+----------+-------------------------------------------
     0 | D:1      | Allula97 the Demonspawn Transmuter began the quest for the
                  | Orb.
     0 | D:1      | Reached XP level 1. HP: 15/15 MP: 3/3
   447 | D:1      | Gained mutation: You are partially covered in icy blue
                  | scales. (AC +2) [demonic ancestry]
   447 | D:1      | Reached XP level 2. HP: 20/21 MP: 3/5
   972 | D:1      | Gained mutation: You are mostly covered in icy blue scales.
                  | (AC +3) [demonic ancestry]
   972 | D:1      | Reached XP level 3. HP: 24/26 MP: 4/6
  1439 | D:2      | Found a burning altar of Makhleb.
  1439 | D:2      | Noticed a balrug
  1442 | D:2      | Noticed a smoke demon
  1442 | D:2      | Noticed a ynoxinul
  1463 | D:2      | Reached XP level 4. HP: 33/33 MP: 5/7
  1475 | D:2      | Found a stormy altar of Qazlal.
  1569 | D:2      | Reached skill level 1 in Stealth
  1793 | D:2      | Found a hazy altar of Hepliaklqana.
  1793 | D:2      | Found a basalt altar of Yredelemnul.
  2253 | D:3      | Noticed Terence
  2294 | D:3      | Killed Terence
  2299 | D:3      | Reached XP level 5. HP: 4/38 MP: 8/8
  2663 | D:3      | Noticed Natasha
  2672 | D:3      | Killed Natasha
  2795 | D:3      | Noticed Natasha
  2804 | D:3      | Killed Natasha
  3034 | D:3      | Noticed Natasha
  3040 | D:3      | Noticed Robin
  3049 | D:3      | Killed Natasha
  3049 | D:3      | Gained mutation: You have a pair of small antennae on your
                  | head. [demonic ancestry]
  3049 | D:3      | Reached XP level 6. HP: 35/46 MP: 8/10
  3059 | D:3      | Killed Robin
  3187 | D:3      | You fall into a shaft and drop 2 floors!
  3187 | D:5      | Entered Level 5 of the Dungeon
  3217 | D:5      | Found a staircase to the Ecumenical Temple.
  3226 | Temple   | Entered the Ecumenical Temple
  3408 | D:4      | Noticed Sigmund
  3421 | D:4      | Killed Sigmund
  3421 | D:4      | Gained mutation: A weak demonic guardian rushes to your
                  | aid. [demonic ancestry]
  3421 | D:4      | Reached XP level 7. HP: 8/52 MP: 11/11
  3610 | D:4      | Noticed Pikel
  3661 | D:4      | Noticed Duvessa
  3661 | D:4      | Noticed Dowan
  4039 | D:4      | Killed Duvessa
  4076 | D:4      | Killed Dowan
  4320 | D:4      | Killed Pikel
  4320 | D:4      | Reached skill level 5 in Unarmed Combat
  4320 | D:4      | Reached XP level 8. HP: 23/61 MP: 11/13
  4781 | D:3      | Learned a level 3 spell: Spider Form
  4847 | D:3      | Found a runed translucent door.
  4848 | D:3      | Noticed Crazy Yiuf
  4860 | D:3      | Killed Crazy Yiuf
  5637 | D:5      | Reached skill level 5 in Fighting
  6267 | D:6      | Found an opulent altar of Gozag.
  6571 | D:6      | Reached skill level 5 in Dodging
  6571 | D:6      | Reached skill level 5 in Transmutations
  6571 | D:6      | Gained mutation: When hurt, damage is shared between your
                  | health and your magic reserves. [demonic ancestry]
  6571 | D:6      | Reached XP level 9. HP: 53/68 MP: 12/14
  6579 | D:6      | Found a bloodstained altar of Trog.
  6871 | D:6      | Got a warped silver ring
  6872 | D:6      | Identified the ring "Sewadu" {rF- MR+ EV+4 Str+4} (You
                  | found it on level 6 of the Dungeon)
  6883 | D:6      | Noticed Menkaure
  7055 | D:6      | Killed Menkaure
  7157 | D:6      | Noticed Edmund
  7182 | D:5      | Killed Edmund
  7346 | D:6      | Noticed Maggie
  7378 | D:6      | Killed from afar by Maggie

Illustrated notes

Levels and vault maps discovered:
D:1:      ebering_trefoil_3fold, layout_basic, minmay_domino_2
D:2:      layout_loops_ring, makhleb_altar_promises_db, lemuel_crystal_altar,
          gammafunk_temple_overflow_wave
D:3:      layout_loops_ring, minmay_increasing_density, uniq_terence,
          uniq_robin, uniq_crazy_yiuf_cottage, uniq_natasha
D:4:      layout_rooms, nicolae_ossuary_entry_giza, serial_undead,
          serial_undead_f, serial_undead_d, serial_undead_c, serial_undead_f,
          uniq_duvessa, uniq_pikel, uniq_sigmund
D:5:      layout_basic, minmay_temple_entry_poolview, first_ration, minivault_25
D:6:      layout_basic, lightli_temple_of_fire,
          nicolae_gozag_cash_rules_everything_around_me, solitary_fountain,
          uniq_menkaure, uniq_maggie, uniq_edmund
D:7:      minmay_polygon_palace, layout_basic, old_standard_altar,
          old_standard_altar, gammafunk_ghost_grave, minmay_misc_feat_tiny
Temple:   compressed_dpeg_triangle_lava_temple

Skill      XL: |  1  2  3  4  5  6  7  8  9 |
---------------+----------------------------+-----
Transmutations | 2 3 4 5 |  5.1
Dodging        | 2 3 4 5 |  5.0
Unarmed Combat | 3 4 5 |  5.6
Stealth        | 1 2 3 |  3.4
Fighting       | 2 3 4 5 |  5.4
Spellcasting   | 3 4 |  4.0
Armour         | |  0.6

Action                   |  1- 3 |  4- 6 |  7- 9 || total
-------------------------+-------+-------+-------++-------
Melee: Unarmed           |    86 |    80 |   297 ||   463
       Kick              |     7 |     5 |    35 ||    47
       Headbutt          |     6 |     6 |       ||    12
       Flail             |       |   142 |    50 ||   192
       Punch             |       |       |     4 ||     4
Throw: Dart              |    12 |    18 |    12 ||    42
 Cast: Beastly Appendage |    17 |    12 |    15 ||    44
Evoke: Wand              |       |       |     9 ||     9
  Use: Potion            |     3 |     3 |     2 ||     8
       Scroll            |       |     5 |     5 ||    10
 Stab: Sleeping          |       |     4 |     6 ||    10
       Distracted        |       |       |     3 ||     3
  Eat: Chunk             |     1 |     8 |     8 ||    17
       Ration            |       |       |     1 ||     1
Armor: Robe              |    22 |    83 |    75 ||   180
       Skin              |     9 |       |       ||     9
       Fire dragon scale |       |       |    11 ||    11
Dodge: Dodged            |    57 |   152 |   215 ||   424
